 Dungeon Crawl Stone Soup version 0.29.1-1-gd02db6906a (webtiles) character file.

Game seed: 4656314441995374683

8264 croobank the Covert (level 11, -11/72 HPs)
             Began as an Octopode Summoner on Sept 29, 2022.
             Was an Initiate of Gozag.
             Mangled by Snorg (22 damage)
             ... on level 10 of the Dungeon.
             The game lasted 01:08:14 (13302 turns).

croobank the Covert (Octopode Summoner)            Turns: 13302, Time: 01:08:15

Health: -11/72     AC:  1    Str:  7    XL:     11   Next: 28%
Magic:  3/20       EV: 15    Int: 26    God:    Gozag
Gold:   2292       SH:  8    Dex: 13    Spells: 10/23 levels left

rFire   + . .      SeeInvis .   s - +5 flail "Caotalykh" {vamp, rC+ Will- Int+4}
rCold   + . .      Faith    .   f - +0 buckler
rNeg    . . .      Spirit   .   (helmet restricted)
rPois   .          Reflect  +   w - amulet of reflection
rElec   .          Harm     .   e - ring of wizardry
rCorr   .          Rampage  .   o - ring of protection from fire
Will    .....                   (no ring)
Stlth   +++++.....              (no ring)
HPRegen 0.22/turn               (no ring)
MPRegen 0.17/turn               (no ring)
                                (no ring)
                                (no ring)

@: gold aura
A: almost no armour, amphibious, 8 rings, camouflage 1, gelatinous body 1,
(nimble swimmer 1), tentacles
a: Renounce Religion, Potion Petition, Call Merchant, Bribe Branch


You were on level 10 of the Dungeon.
You worshipped Gozag.
Gozag was most pleased with you.
You visited 2 branches of the dungeon, and saw 11 of its levels.
You also visited: Bailey.

You collected 2491 gold pieces.
You spent 63 gold pieces at shops.
You paid 136 gold pieces to Gozag.

Inventory:

Hand Weapons
 i - a +2 dagger of speed
 m - a +2 dagger of venom
 s - the +5 flail "Caotalykh" (weapon) {vamp, rC+ Will- Int+4}
   (You found it on level 5 of the Dungeon)

   It occasionally heals its wielder for a portion of the damage dealt when it
   wounds a living foe.
   Int:       It affects your intelligence (+4).
   rC:        It protects you from cold.
   Will:      It decreases your willpower.
 D - a +0 war axe of flaming
 F - a +2 hand axe
 H - a +4 halberd
 I - a +2 vampiric dagger
 J - a +0 broad axe
Missiles
 G - 4 throwing nets (quivered)
Armour
 f - a +0 buckler (worn)
Magical Staves
 h - a staff of death
Jewellery
 e - a ring of wizardry (left tentacle)
 j - the macabre finger necklace {rN+}
   (You found it in a bailey)

   [amulet of nothing]

   It enables you to equip an extra ring.
   rN:        It protects you from negative energy.
 l - a ring of flight
 o - a ring of protection from fire (right tentacle)
 w - an amulet of reflection (around mantle)
 x - a ring of ice
 M - a ring of ice
Wands
 q - a wand of polymorph (16)
 t - a wand of mindburst (16)
 L - a wand of flame (9)
Scrolls
 b - 4 scrolls of teleportation
 c - 6 scrolls of fear
 n - 5 scrolls of magic mapping
 y - a scroll of fog {unknown}
 A - 2 scrolls of identify
 C - a scroll of vulnerability {unknown}
 K - a scroll of enchant armour {unknown}
 N - a scroll of amnesia
Potions
 a - 4 potions of attraction
 d - 3 potions of mutation
 g - 3 potions of flight
 k - a potion of haste
 p - 4 potions of lignification
 r - 5 potions of curing {unknown}
 u - a potion of might {unknown}
 v - a potion of cancellation {unknown}
 z - a potion of heal wounds {unknown}
 E - a potion of resistance {unknown}


   Skills:
 + Level 5.7 Fighting
 + Level 7.2 Dodging
 + Level 10.2 Stealth
 + Level 6.6 Spellcasting
 + Level 5.7 Hexes
 + Level 8.1 Summonings
 + Level 5.8 Air Magic


You had 10 spell levels left.
You knew the following spells:

 Your Spells              Type           Power      Damage    Failure   Level
a - Summon Small Mammal   Summ           100%       N/A       1%          1
b - Call Imp              Summ           50%        N/A       1%          2
c - Call Canine Familiar  Summ           50%        N/A       1%          3
d - Summon Guardian Gole  Hex/Summ       44%        N/A       1%          3
e - Summon Lightning Spi  Summ/Air       44%        N/A       1%          4

Your spell library contained the following spells:

 Spells                   Type           Power      Damage    Failure   Level
 Static Discharge         Conj/Air       23%        3-6/arc   1%          2
 Confusing Touch          Hex            38%        N/A       1%          3
 Magic Dart               Conj           32%        1d4       3%          1
 Necrotise                Necr           32%        1d5       3%          1
 Sandblast                Erth           16%        2d6       3%          1
 Dazzling Flash           Conj/Hex       46%        N/A       3%          3
 Portal Projectile        Hex/Tloc       46%        N/A       3%          3
 Mephitic Cloud           Conj/Pois/Air  18%        N/A       4%          3
 Passwall                 Tmut/Erth      6%         N/A       6%          2
 Searing Ray              Conj           16%        2d5       6%          2
 Stone Arrow              Conj/Erth      16%        3d8       11%         3
 Vampiric Draining        Necr           8%         2d6       11%         3
 Fulminant Prism          Conj/Hex       11%        3d9       11%         4
 Leda's Liquefaction      Hex/Erth       11%        N/A       11%         4
 Lightning Bolt           Conj/Air       11%        1d24      28%         5
 Yara's Violent Unravell  Hex/Tmut       11%        3d6       28%         5
 Iskenderun's Mystic Bla  Conj/Tloc      8%         2d4       32%         4
 Agony                    Necr           8%         N/A       65%         5
 Lee's Rapid Deconstruct  Erth           4%         3d6*      65%         5
 Enfeeble                 Hex            19%        N/A       93%         7
 Starburst                Conj/Fire      4%         6d3       99%         6
 Statue Form              Tmut/Erth      5%         N/A       99%         6
 Spellforged Servitor     Conj/Summ      14%        N/A       99%         7
 Orb of Destruction       Conj           4%         9d5       100%        7
 Maxwell's Capacitive Co  Air            19%        ∞         100%        8


Dungeon Overview and Level Annotations

Branches:
Dungeon (10/15)            Temple (1/1) D:7          Bailey (visited)
   Lair: D:8-11         Orc: D:9-12

Altars:
Ashenzari
Cheibriados
Dithmenos
Elyvilon
Fedhas
Gozag
Hepliaklqana
Kikubaaqudgha
Makhleb
Nemelex Xobeh
Okawaru
Qazlal
Ru
Sif Muna
Trog
Uskayaw
Vehumet
Wu Jian
Xom
Yredelemnul
Zin
The Shining One
Jiyva

Shops:
D:2 [   D:6 (   D:8 (

Annotations:
D:6 1 runed translucent door, gzilladon's ghost, amateur HOMo
D:8 3 runed translucent doors, ChongLi's ghost, novice DsDe
D:10 Snorg


Innate Abilities, Weirdness & Mutations

You cannot wear most types of armour.
You are amphibious.
You can wear up to eight rings at the same time.
Your skin changes colour to match your surroundings (Stealth+).
Your rubbery body absorbs attacks. (AC +1, EV +1)
((You are camouflaged when in or above water. (Stealth+)))
You have tentacles for arms and can constrict up to eight enemies at once.


Message History

The yak barely misses your guardian golem.
Snorg goes berserk!
The yak gores your guardian golem! Flame seeps out of your guardian golem.
The yak gores your guardian golem. Flame seeps out of your guardian golem.
Your guardian golem is engulfed in blazing flames.
Flame seeps out of your guardian golem.
Snorg rages.
The yak gores your guardian golem but does no damage.
The yak gores your guardian golem!
Your guardian golem disappears in a puff of smoke!
Your guardian golem explodes!
The fiery explosion engulfs the yak!!!
The yak dies!
The fiery explosion engulfs the yak!!!
The yak dies!
The fiery explosion engulfs the yak!!
Blink to where?
Press: ? - help, Dir - move target
As you read the scroll of blinking, it crumbles to dust.
You hear a shout!
You hear a shout!
Cast which spell? (? or * to list)
A guardian golem appears, shielding your allies.
Snorg misses you. Snorg claws you. You block Snorg's attack.
Snorg attacks as you move away! Snorg bites you! Snorg closely misses you.
Snorg claws you!!
Snorg rages.
You block Snorg's attack. Snorg misses you. Snorg claws you!
* * * LOW HITPOINT WARNING * * *
Okay, then.
Okay, then.
Throw: 5 throwing nets
Press: ? - help, Q - select action, (/) - cycle Shift-Dir - straight line, f - Snorg
Aim: Snorg (berserk, ally target, 59% to hit)
You throw a throwing net. The throwing net barely misses Snorg.
The throwing net barely misses the yak.
The throwing net hits the yak.
The yak is caught in the net!
Snorg closely misses you. Snorg claws you!!
You die...
Your body crumbles into a pile of gold.

#######.##.§.$.####......Y§.§.
..........§..$.$$.........§§§.
#.......T§...#############..
#........##.#...# #.
#........##.....# .
...####.##...Y#...# .
#.#####.#...# #.##..YT#...#
#.##..9@#...# #.##....#.###
#.##...<#.# #.##.)).#.#
#.##..()#.# #......)#.#
#.####...)..# #...........#
.######......###


You could see Snorg (berserk, ally target), 2 yaks and a friendly guardian golem
(summoned).

Vanquished Creatures
  A wyvern (D:8)
  2 wolves
  2 kobold brigands (D:7)
  A bullfrog (D:9)
  2 gnoll sergeants (Bailey)
  2 killer bees (D:8)
  A hound (D:5)
  An adder (D:3)
  6 gnolls (Bailey)
  An ufetubus (D:7)
  2 dart slugs
  An orc (D:5)
  2 ball pythons (D:1)
  An endoplasm (D:4)
  4 giant cockroaches
  A goblin (D:3)
  A hobgoblin (D:1)
  A quokka (D:1)
  A bat (D:1)
  4 kobolds
  4 rats
41 creatures vanquished.

Vanquished Creatures (collateral kills)
  Prince Ribbit (D:5)
  A dream sheep (D:8)
  Sigmund (D:4)
  A shadow (D:9)
  A yak (D:10)
  A water moccasin (D:8)
  A black bear (D:7)
  An ice beast (D:6)
  A centaur (D:7)
  3 wolves
  A phantom (D:6)
  3 kobold brigands
  2 bullfrogs
  A gnoll sergeant (Bailey)
  2 scorpions
  4 wights
  7 killer bees (D:8)
  4 gnoll boudas
  3 orc priests
  4 hounds
  An iguana (D:5)
  2 orc wizards
  Terence (D:2)
  18 gnolls
  5 adders
  4 ufetubi
  A dart slug (D:3)
  13 orcs
  A bat (D:3)
  5 endoplasms
  2 giant cockroaches (D:3)
  8 goblins
  2 hobgoblins
  A ball python (D:3)
  A frilled lizard (D:1)
  15 kobolds
  6 rats
129 creatures vanquished.

Vanquished Creatures (others)
  2 two-headed ogres
  Maggie (D:8)
  2 dream sheep (D:8)
  A wyvern (D:9)
  3 yaks (D:10)
  Grum (D:9)
  A black bear (D:5)
  2 wolves (Bailey)
  An ogre (D:4)
  A kobold brigand (D:7)
  7 gnoll sergeants
  9 wights
  4 gnoll boudas (Bailey)
  2 iguanas (D:5)
  An orc wizard (D:6)
  10 gnolls
  An orc (D:5)
  4 plants (D:9)
53 creatures vanquished.

Grand Total: 223 creatures vanquished

Notes
Turn   | Place    | Note
-------+----------+-------------------------------------------
     0 | D:1      | croobank the Octopode Summoner began the quest for the Orb.
     0 | D:1      | Reached XP level 1. HP: 11/11 MP: 3/3
   452 | D:1      | Reached skill level 3 in Stealth
   452 | D:1      | Reached XP level 2. HP: 17/17 MP: 0/5
  1259 | D:2      | Reached XP level 3. HP: 12/20 MP: 2/6
  1267 | D:2      | HP: 1/20 [kobold/+0 dagger (2)]
  1486 | D:2      | Learned a level 2 spell: Call Imp
  1490 | D:2      | Learned a level 3 spell: Call Canine Familiar
  1589 | D:2      | Found Atsyalir's Armour Boutique.
  1592 | D:2      | Found a faded altar of an unknown god.
  1625 | D:2      | Bought a +0 buckler for 63 gold pieces
  1854 | D:2      | Noticed Terence
  1973 | D:2      | Killed Terence
  1974 | D:2      | Reached XP level 4. HP: 14/27 MP: 1/7
  2449 | D:3      | Found a snail-covered altar of Cheibriados.
  2449 | D:3      | Found an iron altar of Okawaru.
  2467 | D:3      | Reached skill level 4 in Stealth
  3026 | D:3      | You fall into a shaft and drop 2 floors!
  3026 | D:5      | Entered Level 5 of the Dungeon
  3077 | D:5      | Reached XP level 5. HP: 31/31 MP: 2/9
  3656 | D:4      | Noticed Sigmund
  3662 | D:4      | Learned a level 3 spell: Summon Guardian Golem
  3715 | D:4      | Killed Sigmund
  3716 | D:4      | Reached skill level 5 in Stealth
  3716 | D:4      | Reached skill level 5 in Summonings
  3716 | D:4      | Reached XP level 6. HP: 36/36 MP: 3/11
  3995 | D:4      | Reached XP level 7. HP: 41/41 MP: 4/12
  4280 | D:5      | Learned a level 4 spell: Summon Lightning Spire
  4563 | D:5      | Identified the +5 flail "Caotalykh" {vamp, rC+ Will- Int+4}
  4760 | D:5      | Reached skill level 6 in Stealth
  4769 | D:5      | Reached skill level 1 in Air Magic
  5003 | D:5      | Reached skill level 1 in Fighting
  5003 | D:5      | Reached skill level 1 in Hexes
  5093 | D:5      | Noticed Prince Ribbit
  5108 | D:5      | Killed Prince Ribbit
  5109 | D:5      | Reached XP level 8. HP: 30/48 MP: 5/14
  5393 | D:5      | Identified a scroll of acquirement
  6248 | D:6      | Found a runed translucent door.
  6254 | D:6      | Noticed gzilladon's ghost (amateur HOMo)
  6288 | D:6      | Found Wiakekk's Weapon Boutique.
  7299 | D:7      | Reached skill level 5 in Dodging
  7299 | D:7      | Reached skill level 7 in Stealth
  7741 | D:7      | Found a staircase to the Ecumenical Temple.
  7748 | Temple   | Entered the Ecumenical Temple
  7846 | Temple   | Became a worshipper of Gozag Ym Sagoz the Greedy
  7879 | D:7      | Reached XP level 9. HP: 53/55 MP: 9/16
  8549 | D:8      | Noticed Maggie
  8565 | D:8      | Killed Maggie
  8566 | D:8      | Reached skill level 5 in Spellcasting
  8658 | D:8      | Found a runed translucent gate.
  8659 | D:8      | Found a runed translucent gate.
  8872 | D:8      | Reached skill level 8 in Stealth
  9155 | D:8      | Reached XP level 10. HP: 63/63 MP: 11/18
  9516 | D:8      | Found Ykean's Weapon Boutique.
  9860 | D:8      | Found a runed translucent gate.
  9863 | D:8      | Noticed ChongLi's ghost (novice DsDe)
 10324 | D:8      | Found a viscous altar of Jiyva.
 10666 | D:9      | Found a glowing silver altar of Zin.
 10681 | D:9      | Acquired 605 gold pieces
 10684 | D:9      | Acquired a book of the Earth
 10688 | D:9      | Noticed a two-headed ogre
 10700 | D:9      | Killed a two-headed ogre
 10701 | D:9      | Reached skill level 9 in Stealth
 10989 | D:9      | Found a flagged portal.
 11011 | Bailey   | Entered a bailey
 11084 | Bailey   | Reached skill level 5 in Air Magic
 11183 | Bailey   | Reached skill level 5 in Hexes
 11217 | Bailey   | Reached skill level 5 in Fighting
 12331 | D:9      | Noticed Grum
 12337 | D:9      | Reached XP level 11. HP: 61/72 MP: 7/20
 12342 | D:9      | Killed Grum
 12545 | D:9      | Found a blossoming altar of Fedhas.
 12683 | D:9      | Reached skill level 10 in Stealth
 13092 | D:10     | Entered Level 10 of the Dungeon
 13238 | D:10     | Noticed a two-headed ogre
 13250 | D:10     | Killed a two-headed ogre
 13290 | D:10     | Noticed Snorg
 13302 | D:10     | Mangled by Snorg

Illustrated notes

Levels and vault maps discovered:
D:1:      dpeg_arrival_rooms_c, layout_loops_ring
D:2:      layout_rooms, ebering_ecumenical_altar_box, serial_shops,
          nicolae_shop_stone, uniq_terence
D:3:      layout_rooms, jmf_multi_god_temple, minmay_misc_feat_four_crosses
D:4:      layout_rooms, minivault_4, uniq_sigmund
D:5:      layout_basic, kennysheep_flooded_box, uniq_prince_ribbit1
D:6:      layout_loops_ring, ebering_ghost_sewer_d, serial_shops,
          nicolae_shop_behind_doors
D:7:      layout_gridville, temple_green, small_statue_alley_b,
          kennysheep_big_empty_room, minmay_unpleasant_kobolds
D:8:      layout_cave_pods, serial_shops, nicolae_shop_trees,
          gammafunk_ghost_ooze, dreamdust_gnoll_shepherd, uniq_maggie
D:9:      layout_basic, mainiacjoe_overflow_catch_the_wave, enter_bailey_5,
          serial_bayou_ford_a, uniq_grum
D:10:     layout_basic, orc_0_dummy, uniq_snorg
Temple:   regret_index_temple_mists

Skill      XL: |  1  2  3  4  5  6  7  8  9 10 11 |
---------------+----------------------------------+-----
Stealth        | 3 4 5 6 7 8 9 10 | 10.2
Dodging        | 3 4 5 6 7 |  7.2
Spellcasting   | 3 4 5 6 |  6.6
Summonings     | 5 6 7 8 |  8.1
Air Magic      | 1 2 4 5 |  5.8
Fighting       | 1 2 4 5 |  5.7
Hexes          | 1 2 4 5 |  5.7

Action                   |  1- 3 |  4- 6 |  7- 9 | 10-12 || total
-------------------------+-------+-------+-------+-------++-------
Melee: Unarmed           |    37 |       |       |       ||    37
       Constrict         |    14 |     2 |     2 |     4 ||    22
       Tentacles         |    13 |     4 |     3 |     1 ||    21
       Staff             |     4 |       |       |       ||     4
       Dagger            |       |     6 |       |       ||     6
       Flail             |       |       |    19 |    12 ||    31
       Punch             |       |       |     1 |       ||     1
Throw: Throwing net      |       |       |       |     5 ||     5
 Cast: Summon Small Mamm |    38 |    28 |    48 |    51 ||   165
       Call Canine Famil |     4 |    12 |    32 |    25 ||    73
       Call Imp          |     1 |    12 |    20 |     9 ||    42
       Summon Guardian G |       |     3 |    30 |    43 ||    76
       Summon Lightning  |       |       |     3 |     9 ||    12
Evoke: Wand              |       |       |     5 |     5 ||    10
  Use: Potion            |     1 |       |       |       ||     1
       Scroll            |       |     1 |    11 |     7 ||    19
 Stab: Sleeping          |     5 |     1 |       |       ||     6
       Distracted        |       |       |     2 |     1 ||     3
Armor: Skin              |     3 |       |     5 |       ||     8
Dodge: Dodged            |    26 |    13 |    68 |    28 ||   135
Block: Buckler           |       |     4 |    24 |    19 ||    47
       Reflection        |       |       |     1 |     2 ||     3
